Map: Deathaura LE

Players

HeroMarine

  • Race: Terran Terran
  • League: Master
  • Spawn Location: 5:00

Kas - Winner!

  • Race: Terran Terran
  • League: Grandmaster
  • Spawn Location: 11:00

Event: DreamHack SC2 Masters 2020 Fall

VOD

Have the link to the VOD?

Description

Time

  • Played on: Sept. 2, 2020, 1:18 p.m.
  • Length: 25:26

All games in this series

Show
View Real Time Build Order
Export as new Build Order

HeroMarine Terran 

Build Orders:  

Get SALT Encoding   

  12  0:00  SCV  
  13  0:12  SCV  
  14  0:17  Supply Depot  
  14  0:24  SCV  
  15  0:38  SCV  
  15  0:40  Barracks  
  16  0:43  Refinery  
  16  0:50  SCV  
  16  0:53  Refinery  
  17  1:02  SCV  
  18  1:15  SCV  
  19  1:27  Reaper, Orbital Command  
  19  1:29  Supply Depot  
  20  1:42  Factory  
  20  1:53  SCV  
  21  1:59  Reaper  
  22  2:05  SCV  
  23  2:17  SCV  
  23  2:19  Command Center  
  24  2:27  Hellion  
  24  2:29  SCV  
  27  2:31  Reaper  
  27  2:35  Supply Depot  
  28  2:41  SCV  
  29  2:48  Hellion  
  31  2:54  Starport  
  31  2:57  SCV  
  32  3:05  Barracks Reactor  
  32  3:09  SCV  
  32  3:11  Factory Tech Lab  
  31  3:21  SCV  
  31  3:22  Refinery  
  32  3:29  Cyclone  
  32  3:31  Orbital Command  
  32  3:33  SCV  
  36  3:41  Marine x2, Starport Tech Lab  
  37  3:45  SCV  
  36  3:57  SCV  
  36  3:58  SCV  
  36  3:59  Marine x2  
  35  4:09  SCV, Siege Tank  
  39  4:10  SCV  
  39  4:11  Raven  
  43  4:22  SCV x2  
  46  4:26  Supply Depot  
  44  4:34  SCV x2  
  44  4:38  Command Center  
  44  4:43  Siege Tank  
  47  4:46  SCV  
  47  4:47  SCV  
  47  4:49  Marine  
  50  4:54  Raven, Marine  
  50  4:58  SCV  
  55  5:00  SCV  
  55  5:01  Supply Depot  
  55  5:09  Marine  
  55  5:10  SCV  
  55  5:12  SCV, Marine  
  59  5:18  Siege Tank  
  61  5:22  SCV  
  61  5:24  SCV, Supply Depot  
  61  5:27  Refinery  
  64  5:34  SCV  
  64  5:36  SCV  
  65  5:45  Stimpack  
  65  5:46  SCV  
  65  5:48  SCV  
  67  5:50  Viking x2  
  67  5:51  Barracks x2  
  67  5:54  Siege Tank  
  74  6:00  SCV, Orbital Command  
  74  6:03  SCV  
  76  6:08  Marine  
  77  6:12  SCV  
  77  6:15  SCV  
  77  6:17  Engineering Bay x2  
  79  6:22  Orbital Command  
  79  6:24  SCV  
  80  6:26  Viking  
  80  6:27  SCV  
  80  6:28  Viking  
  85  6:33  Marine  
  85  6:36  SCV  
  85  6:37  Siege Tank  
  85  6:39  SCV  
  91  6:43  Supply Depot  
  91  6:44  Barracks Reactor x2  
  91  6:48  SCV  
  91  6:51  Marine  
  93  6:57  SCV  
  93  7:00  SCV  
  91  7:02  Viking  
  91  7:04  Viking  
  91  7:06  SCV  
  91  7:07  Supply Depot  
  96  7:09  SCV, Siege Tank  
  96  7:13  SCV  
  101  7:18  SCV  
  101  7:21  SCV  
  92  7:25  SCV  
  92  7:28  Marine x5  
  92  7:30  SCV  
  92  7:32  Viking  
  92  7:34  SCV, Viking  
  98  7:37  SCV  
  98  7:42  SCV  
  100  7:45  Marine  
  100  7:46  SCV, Marine x4  
  100  7:48  Barracks  
  100  7:49  SCV  
  105  7:53  Siege Tank  
  105  7:54  SCV  
  105  7:58  SCV  
  106  8:01  SCV  
  106  8:02  Liberator  
  106  8:03  Marine x3  
  109  8:06  Marine x2  
  109  8:18  Barracks  
  103  8:21  Marine, Barracks  
  103  8:22  Medivac  
  103  8:23  Combat Shield  
  106  8:28  Supply Depot x2  
  106  8:30  Refinery x2  
  106  8:34  Command Center  
  106  8:35  SCV, Barracks Tech Lab  
  106  8:36  SCV  
  106  8:40  Terran Infantry Weapons Level 1, Terran Infantry Armor Level 1  
  108  8:42  Armory  
  108  8:49  Medivac  
  108  8:50  Siege Tank  
  108  8:52  Marauder, Marine x4  
  108  8:53  Supply Depot  
  119  8:58  Medivac  
  119  9:01  Marauder  
  123  9:10  Barracks Tech Lab  
  123  9:11  SCV x2  
  123  9:12  Barracks  
  123  9:13  Barracks x2  
  123  9:14  Supply Depot  
  123  9:15  SCV  
  126  9:18  Supply Depot x2, Marauder  
  126  9:19  Supply Depot  
  126  9:22  Marauder  
  130  9:29  SCV x3  
  130  9:30  Starport  
  130  9:31  Starport  
  133  9:36  Marauder  
  135  9:40  Marauder  
  135  9:44  Terran Ship Weapons Level 1, Marauder  
  135  9:45  Viking x2  
  143  9:47  SCV x2  
  143  9:48  SCV  
  146  9:57  Marauder  
  146  9:59  SCV  
  149  10:00  SCV x2  
  149  10:01  Marauder  
  149  10:02  Barracks Reactor, Barracks Tech Lab  
  149  10:03  Barracks Tech Lab  
  149  10:05  Marauder  
  154  10:09  Starport Reactor x2  
  154  10:11  Planetary Fortress, Refinery  
  154  10:12  SCV x3, Refinery  
  157  10:15  Viking x2  
  157  10:20  Fusion Core  
  161  10:25  Command Center  
  161  10:31  Marauder x2  
  161  10:32  Marauder x3  
  161  10:33  Bunker  
  161  10:34  Concussive Shells  
  171  10:43  Marine x4  
  171  10:44  Marine x2  
  171  10:45  Medivac  
  171  10:49  Medivac  
  181  10:50  Supply Depot x2  
  181  10:53  Marauder, Missile Turret  
  183  10:57  Command Center  
  183  11:03  Viking x2  
  187  11:12  Viking  
  187  11:17  Sensor Tower  
  191  11:19  Liberator x2  
  191  11:20  Advanced Ballistics  
  195  11:29  Command Center  
  195  11:30  Viking  
  197  11:33  Viking  
  198  11:49  Command Center  
  198  11:51  Command Center  
  193  11:59  Liberator x2  
  199  12:04  Command Center  
  199  12:11  Orbital Command  
  199  12:16  Command Center x2  
  199  12:28  Planetary Fortress  
  199  12:38  Command Center  
  199  12:39  Rapid Reignition System  
  199  12:45  Terran Infantry Armor Level 2, Terran Ship Weapons Level 2, Terran Infantry Weapons Level 2  
  199  12:46  Refinery  
  199  12:47  Armory  
  199  12:48  Refinery  
  183  13:16  Marauder x5, Marine x2  
  178  13:21  Viking x3, Liberator x2  
  178  13:22  Liberator  
  178  13:25  Orbital Command  
  187  13:30  Starport  
  187  13:36  Orbital Command  
  187  13:37  Marauder, Orbital Command x3  
  189  13:42  Orbital Command  
  189  13:50  Missile Turret  
  189  13:51  Viking  
  191  13:56  Terran Vehicle And Ship Armor Level 1  
  191  13:58  Starport, Sensor Tower  
  191  14:00  Viking x2  
  195  14:04  Viking  
  197  14:21  Unknown, Missile Turret  
  197  14:23  Unknown, Missile Turret  
  197  14:24  Missile Turret  
  197  14:29  Viking x3  
  199  14:36  Starport Reactor  
  197  14:49  Liberator  
  197  14:50  Starport Reactor  
  198  14:57  Viking x2, Planetary Fortress  
  199  15:11  Marauder x2, Liberator x4  
  199  15:12  Viking, Marine x4  
  199  15:13  Marauder x2, Marine  
  186  15:17  Marauder  
  186  15:19  Marine  
  169  15:23  Siege Tank  
  169  15:27  Viking x2, Liberator  
  169  15:29  Liberator  
  169  15:32  Marauder x2  
  169  15:34  Viking, Marauder  
  180  15:36  Marauder  
  180  15:38  Marauder  
  180  15:40  Marine x3  
  180  15:41  Marine x3  
  190  15:48  Terran Ship Weapons Level 3  
  190  15:51  Liberator  
  190  15:54  Orbital Command, Marauder x2, Liberator x2  
  190  15:56  Orbital Command  
  192  15:58  Marauder  
  192  16:02  Marauder  
  168  16:04  Marauder  
  168  16:07  Marine x2  
  168  16:08  Marine x2  
  168  16:09  SCV x2, Marine x2  
  168  16:10  SCV x4  
  144  16:12  Medivac x3  
  144  16:14  Medivac x2  
  144  16:15  Marauder x2  
  144  16:16  Medivac x2  
  144  16:18  SCV x3  
  158  16:19  Marauder  
  158  16:20  SCV  
  158  16:24  SCV x2  
  160  16:26  Smart Servos  
  160  16:27  Siege Tank  
  163  16:35  Marauder  
  163  16:37  Command Center  
  167  16:41  Liberator  
  167  16:42  Liberator  
  175  16:48  Sensor Tower  
  175  16:53  Viking x3  
  177  16:54  Viking x2  
  177  16:56  Viking  
  177  16:59  Terran Vehicle And Ship Armor Level 2, Siege Tank  
  186  17:03  Terran Infantry Weapons Level 3  
  186  17:08  Terran Infantry Armor Level 3  
  183  17:21  Liberator x2  
  189  17:23  Liberator x2  
  189  17:24  Liberator  
  189  17:25  Command Center  
  193  17:37  Liberator x2  
  195  17:58  Liberator  
  196  18:23  Viking  
  196  18:24  Viking  
  188  18:50  Liberator x5  
  188  18:52  Marauder x2  
  188  18:53  Marine x2, Liberator x2  
  188  18:54  Marauder  
  188  18:55  Marauder, Marine x2  
  197  18:57  Marauder, Liberator  
  197  18:58  Liberator x2  
  197  19:00  Marine x2  
  165  19:11  Marine x2  
  165  19:13  Marine x2  
  165  19:14  Marauder x2  
  165  19:15  Marauder, Siege Tank  
  165  19:17  Marauder  
  169  19:18  Marauder  
  169  19:21  Marine  
  169  19:22  Marine  
  165  19:29  Marine  
  158  19:33  Viking x3  
  158  19:35  Marauder x2  
  158  19:37  Marauder  
  158  19:38  Marauder  
  167  19:40  Marauder, Hi-Sec Auto Tracking  
  167  19:42  Viking x2  
  167  19:44  Viking x2  
  167  19:45  Neosteel Armor  
  174  19:46  Marine  
  166  19:56  Marauder  
  166  19:57  Marauder  
  166  19:58  Marauder  
  166  19:59  Marauder, Marine x2  
  173  20:01  Marauder  
  173  20:05  Marine  
  173  20:06  Marine  
  145  20:08  Marine x2  
  145  20:09  Medivac x3  
  145  20:10  Medivac  
  145  20:11  Medivac  
  132  20:17  Orbital Command, Marine  
  132  20:18  Marauder x2  
  132  20:20  Orbital Command, Marauder  
  132  20:21  Marauder  
  135  20:22  Marauder  
  135  20:26  Unknown  
  135  20:27  SCV x3  
  135  20:28  SCV x2  
  142  20:39  SCV x3, Marauder x2  
  142  20:40  SCV x2  
  142  20:41  Marauder  
  142  20:42  Marauder  
  155  20:44  Marauder  
  155  20:45  SCV  
  155  20:46  SCV  
  157  20:51  SCV x3  
  157  20:52  SCV x2  
  157  20:56  Refinery  
  168  20:58  Liberator x3  
  168  21:01  SCV, Marauder x2  
  176  21:06  Refinery  
  176  21:10  Orbital Command  
  178  21:16  Unknown, Refinery  
  176  21:19  Marauder x3  
  176  21:20  Liberator  
  185  21:28  Siege Tank  
  185  21:30  Marauder  
  190  21:34  Marauder  
  190  21:38  Viking  
  194  21:43  Viking  
  194  21:46  Viking  
  180  22:01  Viking, Liberator  
  180  22:02  Viking x2  
  180  22:05  Viking  
  175  22:14  Viking  
  175  22:15  Viking  
  171  22:18  Viking  
  171  22:22  Liberator  
  169  22:27  Liberator  
  161  22:31  Liberator  
  159  22:37  Viking  
  159  22:38  Liberator  
  164  22:44  Liberator  
  163  23:02  Marauder x2, Marine  
  163  23:03  Liberator x2  
  147  23:09  Marauder  
  147  23:11  Marauder  
  118  23:14  Marauder  
  118  23:17  Marine  
  118  23:18  Marine  
  118  23:19  Marine  
  123  23:22  Marine  
  126  23:30  Orbital Command  
  122  23:40  Medivac  
  123  23:43  Medivac  
  123  23:47  Medivac  
  105  24:07  Viking x2  
  105  24:09  Viking x2  
  99  24:11  Marauder  
  99  24:14  Marauder  
  95  24:18  Marauder x3  
  95  24:21  Medivac  
  93  24:26  Medivac  
  93  24:31  Marine  
  94  24:32  Marine x3  
  94  24:35  Marine  
  98  24:43  Marine  
  97  24:47  Marauder  
  97  24:48  Marauder  
  97  24:51  Marauder  
  89  24:54  Marauder  
  89  24:55  Marauder  
Show
View Real Time Build Order
Export as new Build Order

Kas Terran - Winner!

Build Orders: Mech 

Get SALT Encoding   

  12  0:00  SCV  
  13  0:12  SCV  
  14  0:17  Supply Depot  
  14  0:24  SCV  
  15  0:29  Refinery  
  15  0:38  SCV  
  16  0:44  Barracks  
  16  0:50  SCV  
  16  0:56  Refinery  
  17  1:02  SCV  
  18  1:15  SCV  
  19  1:32  Factory  
  19  1:33  Orbital Command  
  19  1:36  Reaper  
  20  1:44  Supply Depot  
  20  1:58  SCV  
  21  2:08  Reaper  
  22  2:10  SCV  
  23  2:16  Hellion  
  25  2:22  SCV  
  25  2:25  Command Center  
  26  2:31  Supply Depot  
  26  2:35  SCV  
  27  2:39  Hellion  
  27  2:40  Reaper  
  30  2:47  SCV  
  31  2:57  Starport  
  31  3:04  Factory Tech Lab  
  30  3:13  SCV  
  30  3:15  Barracks Tech Lab  
  31  3:24  Cyclone  
  31  3:25  SCV  
  35  3:38  SCV  
  36  3:42  Raven  
  38  3:52  SCV  
  38  3:53  Orbital Command  
  37  3:57  Refinery  
  34  4:04  SCV  
  34  4:06  Cyclone  
  37  4:17  SCV  
  38  4:18  Command Center  
  38  4:19  SCV  
  39  4:29  SCV  
  40  4:32  Raven  
  40  4:33  SCV  
  40  4:37  Refinery  
  43  4:41  SCV  
  43  4:45  SCV, Supply Depot  
  44  4:48  Siege Tank  
  48  4:53  SCV  
  48  4:55  Supply Depot  
  48  4:57  Barracks Reactor, SCV  
  50  5:05  SCV  
  51  5:10  SCV  
  52  5:17  SCV  
  52  5:19  Raven  
  54  5:22  SCV  
  54  5:27  Siege Tank  
  58  5:29  SCV  
  58  5:30  Orbital Command  
  58  5:34  SCV  
  58  5:35  Engineering Bay, Marine x2  
  61  5:41  SCV  
  63  5:46  SCV  
  63  5:47  Factory  
  64  5:53  SCV  
  64  5:54  Orbital Command  
  65  5:58  SCV  
  65  5:59  Barracks Reactor  
  66  6:05  SCV, Siege Tank  
  66  6:06  Missile Turret  
  66  6:10  SCV, Missile Turret  
  71  6:14  Viking x2  
  71  6:18  SCV  
  76  6:19  SCV, Supply Depot  
  76  6:20  Supply Depot  
  76  6:22  SCV  
  78  6:30  SCV  
  78  6:31  Supply Depot  
  78  6:32  SCV  
  80  6:34  SCV  
  80  6:38  Supply Depot  
  81  6:40  Siege Tank  
  81  6:42  SCV  
  81  6:44  SCV, Hellion x2, Viking  
  81  6:45  Viking  
  81  6:46  SCV  
  95  6:49  Refinery  
  95  6:51  Refinery  
  96  6:54  SCV  
  96  6:56  SCV  
  96  6:58  SCV  
  94  7:06  SCV  
  94  7:08  SCV  
  95  7:10  SCV, Supply Depot, Command Center  
  85  7:26  Viking x2, Siege Tank  
  85  7:28  SCV x2  
  89  7:31  Armory x2  
  89  7:33  Hellion  
  89  7:38  SCV, Factory  
  89  7:40  SCV  
  89  7:42  SCV  
  92  7:47  Hellion  
  92  7:50  SCV  
  95  7:54  Hellion  
  79  8:05  Siege Tank  
  79  8:06  Viking x2  
  79  8:09  Hellion  
  79  8:10  SCV x2  
  87  8:18  SCV  
  86  8:22  SCV x2, Terran Vehicle Weapons Level 1  
  86  8:23  Terran Vehicle And Ship Armor Level 1, Factory Tech Lab  
  86  8:25  Factory  
  86  8:26  SCV  
  89  8:27  Factory  
  89  8:28  Hellion  
  89  8:30  SCV, Hellion  
  94  8:35  Sensor Tower  
  94  8:36  SCV  
  94  8:40  SCV  
  96  8:41  Siege Tank  
  96  8:44  SCV  
  100  8:48  SCV, Siege Tank  
  100  8:50  Viking  
  100  8:53  SCV  
  107  8:56  SCV  
  107  9:00  SCV  
  107  9:01  Hellion x2  
  107  9:02  Refinery  
  113  9:03  Refinery  
  113  9:04  Supply Depot  
  113  9:05  SCV, Supply Depot, Planetary Fortress  
  113  9:08  SCV  
  115  9:12  Factory Reactor, Factory Tech Lab  
  115  9:15  SCV  
  115  9:16  Siege Tank  
  119  9:17  SCV  
  119  9:20  SCV  
  119  9:21  Siege Tank  
  119  9:22  Supply Depot  
  119  9:24  Viking, Supply Depot  
  124  9:30  Viking  
  128  9:32  SCV x2  
  128  9:33  SCV  
  128  9:37  Sensor Tower  
  131  9:39  Command Center  
  131  9:44  SCV x2  
  133  9:48  Missile Turret, Siege Tank  
  133  9:49  SCV x2  
  133  9:50  Siege Tank  
  133  9:52  Hellion x3, Missile Turret  
  147  9:54  Hellion  
  147  9:57  SCV  
  148  10:01  Infernal Pre-Igniter  
  148  10:03  Siege Tank  
  151  10:13  Viking  
  151  10:14  Viking  
  155  10:16  Supply Depot  
  155  10:17  Supply Depot  
  155  10:18  Hellion x4, Terran Vehicle Weapons Level 2, Supply Depot x2  
  163  10:21  Terran Vehicle And Ship Armor Level 2  
  163  10:30  Thor  
  169  10:38  Command Center  
  169  10:42  Command Center  
  169  10:44  Thor  
  169  10:49  Viking x2  
  179  10:59  Command Center  
  179  11:07  Missile Turret  
  179  11:08  Missile Turret  
  179  11:11  Thor  
  185  11:13  Hellion x3  
  191  11:27  Planetary Fortress, Missile Turret  
  191  11:28  Sensor Tower  
  191  11:29  Missile Turret  
  191  11:31  Missile Turret  
  191  11:33  Missile Turret x2  
  190  11:51  Viking x2, Factory Tech Lab  
  194  11:57  Orbital Command x2  
  194  12:00  Refinery, Factory  
  194  12:01  Refinery  
  194  12:02  Factory  
  194  12:03  Factory, Thor  
  194  12:08  Missile Turret  
  200  12:09  Missile Turret  
  200  12:12  Missile Turret  
  200  12:13  Missile Turret  
  200  12:18  Planetary Fortress  
  200  12:34  Command Center  
  200  12:36  Terran Vehicle Weapons Level 3  
  200  12:37  Hellion x17  
  200  12:38  Smart Servos  
  200  12:40  Mag-Field Accelerator  
  200  12:41  Terran Vehicle And Ship Armor Level 3  
  200  12:50  Factory Tech Lab x2  
  200  12:52  Factory Tech Lab  
  185  13:16  Viking x2  
  185  13:17  Thor x2  
  197  13:26  Thor x2  
  195  13:29  Command Center  
  192  13:45  Missile Turret, Factory Tech Lab  
  192  13:46  Viking, Hellion x2  
  192  13:47  Hellion  
  200  13:52  Starport  
  200  13:58  Starport  
  200  14:00  Starport  
  200  14:06  Command Center  
  200  14:09  Command Center  
  200  14:16  Missile Turret  
  200  14:17  Missile Turret  
  200  14:18  Missile Turret  
  200  14:22  Missile Turret  
  198  14:33  Factory Tech Lab  
  186  14:42  Starport Tech Lab x2  
  186  14:43  Starport Tech Lab  
  182  14:58  Viking x2, Thor x2  
  198  15:03  Raven  
  200  15:13  Terran Ship Weapons Level 1  
  182  15:14  Thor x2  
  182  15:15  Viking x2  
  184  15:21  Hellion  
  184  15:22  Hellion x2, Thor  
  184  15:25  Planetary Fortress, Orbital Command x2  
  196  15:30  Viking x2  
  172  16:08  Thor x2  
  172  16:09  Viking, Thor x3  
  164  16:21  Viking x2  
  164  16:24  Viking x2  
  170  16:33  Thor  
  170  16:39  Siege Tank  
  179  16:41  Hellion  
  179  16:42  Widow Mine  
  183  16:51  Siege Tank  
  183  16:52  Command Center  
  186  16:59  Drilling Claws  
  186  17:05  Siege Tank x2  
  186  17:06  Widow Mine x2, Siege Tank  
  199  17:12  Factory Tech Lab  
  199  17:13  Sensor Tower  
  199  17:18  Terran Ship Weapons Level 2  
  199  17:34  Missile Turret  
  199  17:35  Missile Turret x3  
  199  17:40  Missile Turret  
  199  18:20  Command Center x2  
  199  18:23  Command Center  
  199  18:48  Thor  
  189  19:00  Thor x2  
  189  19:01  Thor  
  191  19:03  Thor  
  191  19:05  Hellion x2  
  195  19:19  Hellion x2  
  195  19:23  Viking x2  
  195  19:24  Viking  
  187  19:26  Viking, Hellion x2  
  183  19:45  Viking  
  167  19:53  Viking x2  
  111  20:15  Thor x7  
  111  20:16  Hellion x2  
  111  20:17  Viking x2  
  150  20:37  Hellion  
  150  20:40  Orbital Command  
  152  20:47  Viking x3  
  160  20:50  Widow Mine  
  160  20:58  Thor  
  160  21:01  Hellion x3  
  160  21:03  Refinery  
  172  21:04  Refinery  
  172  21:05  Viking x2  
  176  21:25  Hellion x3  
  182  21:27  Viking  
  182  21:28  Siege Tank  
  182  21:32  Command Center  
  187  21:37  Hellion x4  
  195  21:41  Widow Mine  
  195  21:46  Widow Mine x2  
  195  21:47  Widow Mine  
  191  21:55  Viking x2  
  191  22:00  Viking x2  
  199  22:14  Hellion x2  
  181  22:23  Widow Mine  
  181  22:24  Widow Mine x2  
  191  22:30  Widow Mine x3  
  191  22:40  Hellion  
  191  22:41  Hellion  
  177  23:12  Widow Mine  
  155  23:24  Siege Tank x6  
  155  23:25  Hellion x2  
  177  23:39  Refinery  
  177  23:41  Refinery  
  171  23:42  Hellion  
  171  23:43  Viking  
  171  23:46  Hellion  
  171  23:47  Hellion  
  179  23:56  Siege Tank  
  170  24:07  Viking x4  
  170  24:09  Hellion  
  160  24:24  Planetary Fortress  
  164  24:31  Hellion x2  
  161  24:48  Viking x2  
  164  25:09  Missile Turret  
  164  25:10  Missile Turret  

Tags
 
Add a new tag
Caveats
  • Supply blocks, unpowered buildings, or Contaminate may cause inaccurate times.
  • Supply counts are checked every 10 seconds.